 Dungeon Crawl Stone Soup version 0.30.1-11-g7821555f0a (webtiles) character file.

Game seed: 1732744099491635964

746 jurchenman the Covered (level 7, -7/62 HPs)
             Began as a Minotaur Fighter on Jan 16, 2024.
             Splashed by a jelly's acid (11 damage)
             ... on level 5 of the Dungeon.
             The game lasted 00:10:35 (4074 turns).

jurchenman the Covered (Minotaur Fighter)           Turns: 4074, Time: 00:10:37

Health: -7/62      AC: -1    Str: 23    XL:     7   Next: 48%
Magic:  6/6        EV:  9    Int:  5    God:
Gold:   197        SH:  5    Dex:  9    Spells: 6/6 levels left

rFire   . . .        a - +2 war axe
rCold   . . .        c - +0 buckler
rNeg    . . .        b - +0 scale mail
rPois   .            (helmet restricted)
rElec   .            (no cloak)
rCorr   .            e - +0 pair of gloves
SInv    .            r - +0 pair of boots
Will    .....        (no amulet) Stlth
                     (no ring)
HPRegen 0.30/turn    (no ring)
MPRegen 0.10/turn

%: no passive effects
@: corroded
A: horns 2, retaliatory headbutt
a: no special abilities


You were on level 5 of the Dungeon.
You visited 1 branch of the dungeon, and saw 5 of its levels.

You collected 197 gold pieces.

Inventory:

Hand Weapons
 a - a +2 war axe (weapon)
 t - a +1 sling of freezing
 u - a +3 falchion of holy wrath
Missiles
 g - a throwing net
 h - 3 boomerangs
 i - 75 stones
 l - 3 javelins (quivered)
Armour
 b - a +0 scale mail (worn)
 c - a +0 buckler (worn)
 e - a +0 pair of gloves (worn)
 r - a +0 pair of boots (worn)
Jewellery
 f - a ring of fire
Wands
 p - a wand of acid (5)
Scrolls
 j - a scroll of teleportation
Potions
 d - a potion of might
 k - a potion of brilliance
 m - 2 potions of mutation {unknown}
 n - a potion of magic {unknown}
 o - 2 potions of curing
 q - a potion of lignification {unknown}
 s - 2 potions of degeneration {unknown}


   Skills:
 + Level 5.7 Fighting
 + Level 5.1 Axes
 + Level 3.2 Throwing
 + Level 5.8 Armour
 + Level 5.8 Shields


You had 6 spell levels left.
You didn't know any spells.
Your spell library contained the following spells:

 Spells                   Type           Power      Damage    Failure   Level
 Summon Ice Beast         Ice/Summ       0%         N/A       100%        4
 Dispersal                Tloc           0%         N/A       100%        6
 Summon Cactus Giant      Summ           0%         N/A       100%        6


Dungeon Overview and Level Annotations

Branches:
Dungeon (5/15)
 Temple: D:4-7

Altars:
Makhleb
Nemelex Xobeh

Shops:
D:2 (


Innate Abilities, Weirdness & Mutations

You have a pair of horns on your head.
You reflexively headbutt those who attack you in melee.


Message History

You slash the orc!
You kill the orc!
An orc comes into view. It is wielding a +0 flail.
You see here a scroll of immolation.
The jelly hits you but does no damage.
You hit the jelly.
Your hands burn!
The jelly is lightly wounded.
The jelly hits you but does no damage. The jelly closely misses you.
You hit the jelly. The acid corrodes you!
Your hands burn!
The jelly is lightly wounded.
You hit the orc. The orc hits you with a +0 flail.
The jelly hits you but does no damage.
You slash the jelly! The acid corrodes you!
Your hands burn!
The jelly is heavily wounded.
You hit the orc. The orc hits you with a +0 flail! The jelly hits you.
The acid corrodes you!
You are splashed with acid!
You completely miss the jelly.
The jelly is heavily wounded.
You hit the orc.
You kill the orc!
The jelly closely misses you.
You hit the jelly.
Your hands burn!
The jelly is heavily wounded.
The jelly hits you.
You are splashed with acid.
The jelly hits you.
* * * LOW HITPOINT WARNING * * *
You are splashed with acid!
* * * LOW HITPOINT WARNING * * *
You hit the jelly.
Your hands burn!
* * * LOW HITPOINT WARNING * * *
You headbutt the jelly.
The jelly is severely wounded.
You block the jelly's attack.
You hit the jelly but do no damage.
Your hands burn!
* * * LOW HITPOINT WARNING * * *
You headbutt the jelly, but do no damage.
The jelly is severely wounded.
The jelly hits you.
* * * LOW HITPOINT WARNING * * *
You are splashed with acid!
You die...

......... .........
.........# .........#
.........#
.........##+##+###
........J........#
.......)@........####.
......).?.............###
......................#.<
....#####............ #..
... #............ ##. .
#........#######'
#....[...+.....'.
#........#.....#.
#....#'###....##.


You could see a jelly.

Vanquished Creatures
  Sigmund (D:3)
  Eustachio (D:5)
  A scorpion (D:4)
  A hound (D:4)
  An orc priest (D:4)
  An iguana (D:5)
  Ijyb (D:3)
  An orc wizard (D:4)
  Natasha (thrice) (D:3)
  6 gnolls
  4 adders
  A shadow imp (D:5)
  A worm (D:3)
  A dart slug (D:3)
  6 orcs
  4 ball pythons
  5 endoplasms
  3 giant cockroaches
  5 hobgoblins
  8 jackals
  2 kobolds (D:1)
  2 quokkas
  8 bats
  7 frilled lizards
  7 goblins
  14 rats
95 creatures vanquished.

Notes
Turn   | Place    | Note
-------+----------+-------------------------------------------
     0 | D:1      | jurchenman the Minotaur Fighter began the quest for the
                  | Orb.
     0 | D:1      | Reached XP level 1. HP: 19/19 MP: 0/0
   102 | D:1      | Reached XP level 2. HP: 27/27 MP: 1/1
   600 | D:1      | Reached XP level 3. HP: 32/33 MP: 2/2
   987 | D:2      | Found Ilu Uvyh's Antique Weapon Shoppe.
  1102 | D:2      | Reached skill level 1 in Throwing
  1102 | D:2      | Reached XP level 4. HP: 7/40 MP: 3/3
  1617 | D:3      | Noticed Ijyb
  1623 | D:3      | Killed Ijyb
  1755 | D:3      | Noticed Natasha
  1758 | D:3      | Killed Natasha
  1759 | D:3      | Reached XP level 5. HP: 42/47 MP: 4/4
  1780 | D:3      | HP: 1/47 [gnoll/+0 spear (6)]
  2135 | D:3      | Got Retreduxt's Catalogue of Supportive Orientation
  2281 | D:3      | Noticed Natasha
  2290 | D:3      | Killed Natasha
  2399 | D:3      | Noticed Natasha
  2406 | D:3      | Killed Natasha
  2447 | D:3      | Found a burning altar of Makhleb.
  2592 | D:3      | Noticed Sigmund
  2599 | D:3      | Killed Sigmund
  2600 | D:3      | Reached skill level 5 in Fighting
  2600 | D:3      | Reached skill level 5 in Armour
  2600 | D:3      | Reached skill level 5 in Shields
  2600 | D:3      | Reached XP level 6. HP: 39/56 MP: 5/5
  3463 | D:4      | Found a sparkling altar of Nemelex Xobeh.
  3504 | D:4      | Reached XP level 7. HP: 58/61 MP: 6/6
  3888 | D:5      | Entered Level 5 of the Dungeon
  3975 | D:5      | Noticed Eustachio
  3992 | D:5      | Killed Eustachio
  3993 | D:5      | Reached skill level 5 in Axes
  4074 | D:5      | Splashed by a jelly's acid

Illustrated notes

Levels and vault maps discovered:
D:1:      minmay_arrival_doors, layout_rooms, nicolae_hexahallways,
          serial_bayou_pond_a, ebering_dispersal_statue_hall,
          columned_hall_lemuel, st_stairs_4, minmay_misc_feat_pillars
D:2:      layout_basic, serial_shops, shop
D:3:      layout_basic, mainiacjoe_overflow_tiny_flanked, uniq_natasha,
          uniq_sigmund, uniq_ijyb
D:4:      layout_basic, mainiacjoe_overflow_catwalk
D:5:      layout_gridville, serial_rivers, chequers_serial_rivers_small_a,
          chequers_serial_rivers_room_b, chequers_serial_rivers_small_3,
          chequers_serial_rivers_small_b, uniq_pikel, uniq_eustachio

Skill      XL: |  1  2  3  4  5  6  7 |
---------------+----------------------+-----
Armour         | 4 5 |  5.8
Shields        | 4 5 |  5.8
Fighting       | 4 5 |  5.7
Axes           | 3 4 5 |  5.1
Throwing       | 1 2 3 |  3.2

Action                     |  1- 3 |  4- 6 |  7- 9 || total
---------------------------+-------+-------+-------++-------
  Melee: War axe           |    80 |    94 |    37 ||   211
         Headbutt          |    12 |     6 |     3 ||    21
  Throw: Boomerang         |     2 |       |       ||     2
         Javelin           |       |     9 |       ||     9
    Use: Scroll            |     4 |     4 |     1 ||     9
         Potion            |       |     2 |       ||     2
 Armour: Scale mail        |    43 |    40 |    21 ||   104
  Dodge: Dodged            |    34 |    45 |    26 ||   105
  Block: Buckler           |    18 |    19 |     8 ||    45
